 Dungeon Crawl Stone Soup version 0.29-a0-297-g7659ce593d (webtiles) character file.

Game seed: 5703763272316661299

44 kae the Firebug (level 3, -8/19 HPs)
             Began as a Tengu Fire Elementalist on Mar 20, 2022.
             Mangled by Sigmund
             ... wielding a +0 scythe of protection
              (13 damage)
             ... on level 2 of the Dungeon.
             The game lasted 00:00:46 (1934 turns).

kae the Firebug (Tengu Fire Elementalist)           Turns: 1934, Time: 00:00:47

Health: -8/19      AC:  4    Str:  8    XL:     3   Next: 60%
Magic:  1/7        EV: 12    Int: 17    God:
Gold:   17         SH:  0    Dex: 14    Spells: 5/6 levels left

rFire   . . .      SeeInvis .   j - +0 mace
rCold   . . .      Faith    .   (no shield)
rNeg    . . .      Spirit   .   a - +0 robe
rPois   .          Reflect  .   (helmet restricted)
rElec   .          Harm     .   k - +1 cloak
rCorr   .          Rampage  .   (no gloves)
Will    .....                   (boots unavailable)
Stlth   ++........              (no amulet)
HPRegen 0.06/turn               (no ring)
MPRegen 0.10/turn               (no ring)

@: no status effects
A: beak, talons 3
a: no special abilities


You were on level 2 of the Dungeon.
You visited 1 branch of the dungeon, and saw 2 of its levels.

You collected 17 gold pieces.

Inventory:

Hand Weapons
 j - a +0 mace (weapon)
Armour
 a - a +0 robe (worn)
 k - a +1 cloak (worn)
Potions
 b - a potion of magic
 c - a potion of lignification
 d - a potion of might
 e - a potion of degeneration {unknown}
 f - 2 potions of flight {unknown}
 h - 2 potions of mutation {unknown}


   Skills:
 - Level 2.1 Dodging
 - Level 2.0 Stealth
 + Level 2.4 Spellcasting
 + Level 2.4 Conjurations
 * Level 4.2 Fire Magic


You had 5 spell levels left.
You knew the following spells:

 Your Spells              Type           Power      Damage    Failure   Level
a - Foxfire               Conj/Fire      52%        2x1d6     4%          1

Your spell library contained the following spells:

 Spells                   Type           Power      Damage    Failure   Level
 Scorch                   Fire           32%        2d7       4%          2
 Conjure Flame            Conj/Fire      13%        6-21      14%         3
 Inner Flame              Hex/Fire       9%         N/A       24%         3
 Flame Wave               Conj/Fire      13%        2d6       43%         4


Dungeon Overview and Level Annotations

Branches:
Dungeon (2/15)

Altars:

Annotations:
D:2 Sigmund


Innate Abilities, Weirdness & Mutations

You have a beak for a mouth.
You have claws for feet.


Message History

Casting: Foxfire (safe; 4% risk of failure)
Confirm with . or Enter, or press ? or * to list all spells.
You conjure some foxfire!
Sigmund completely misses you.
The foxfire hits Sigmund but does no damage.
Sigmund is moderately wounded.
The foxfire hits Sigmund.
Sigmund is moderately wounded.
Sigmund hits you from afar with a +0 scythe of protection.
Casting: Foxfire (safe; 4% risk of failure)
Confirm with . or Enter, or press ? or * to list all spells.
You conjure some foxfire!
The foxfire hits Sigmund but does no damage.
Sigmund is moderately wounded.
The foxfire hits Sigmund.
Sigmund is heavily wounded.
Sigmund hits you from afar with a +0 scythe of protection.
Casting: Foxfire (safe; 4% risk of failure)
Confirm with . or Enter, or press ? or * to list all spells.
You conjure some foxfire!
Sigmund barely misses you.
The foxfire hits Sigmund but does no damage.
Sigmund is heavily wounded.
The foxfire hits Sigmund but does no damage.
Sigmund is heavily wounded.
Casting: Foxfire (safe; 4% risk of failure)
Confirm with . or Enter, or press ? or * to list all spells.
You conjure some foxfire!
Sigmund hits you from afar with a +0 scythe of protection!
* * * LOW HITPOINT WARNING * * *
The foxfire hits Sigmund.
Sigmund is heavily wounded.
The foxfire hits Sigmund but does no damage.
Sigmund is heavily wounded.
Sigmund gestures wildly while chanting.
Sigmund flickers and vanishes!
Deactivating autopickup; reactivate with Ctrl-A.
Casting: Foxfire (safe; 4% risk of failure)
Confirm with . or Enter, or press ? or * to list all spells.
You conjure some foxfire!
Something hits you!
Ouch! That really hurt!
You die...

#.#...........#
#....########.#
##.#.# #.#
##.#.# #.#
#.#..# #.#
##.### #.# #.#
#.# #.#######.#
#.# #......{v@#
#.####
.........v.#
#....#
############
####.# #.#
##############.#
#...†..........#
#.##############
#.# #.#


There were no monsters in sight!

Vanquished Creatures
  A worm (D:2)
  A dart slug (D:1)
  3 ball pythons
  2 endoplasms (D:2)
  2 giant cockroaches
  5 goblins
  4 hobgoblins
  8 kobolds
  4 bats
  3 rats
33 creatures vanquished.

Vanquished Creatures (others)
  148 foxfires
  A plant (D:1)
149 creatures vanquished.

Grand Total: 182 creatures vanquished

Notes
Turn   | Place    | Note
-------+----------+-------------------------------------------
     0 | D:1      | kae the Tengu Fire Elementalist began the quest for the
                  | Orb.
     0 | D:1      | Reached XP level 1. HP: 10/10 MP: 4/4
   436 | D:1      | Reached XP level 2. HP: 15/15 MP: 0/6
  1059 | D:1      | Reached XP level 3. HP: 19/19 MP: 5/7
  1239 | D:2      | Reached skill level 4 in Fire Magic
  1912 | D:2      | Noticed Sigmund
  1934 | D:2      | Mangled by Sigmund

Illustrated notes

Levels and vault maps discovered:
D:1:      lightli_arrival_flooded_house, layout_rooms,
          chequers_serial_rivers_small_a, minmay_tree_intersection
D:2:      layout_loops_ring, basic_altar, st_stairs_9, uniq_sigmund

Skill      XL: |  1  2  3 |
---------------+----------+-----
Conjurations   | 2 |  2.4
Fire Magic     | 4 |  4.2
Dodging        | |  2.1
Stealth        | |  2.0
Spellcasting   | |  2.4

Action                   || total
-------------------------++-------
Melee: Unarmed           ||     3
       Kick              ||     4
       Mace              ||     3
       Peck              ||     1
 Cast: Foxfire           ||    87
  Use: Scroll            ||     3
Armor: Robe              ||     2
Dodge: Dodged            ||     9

Table legend: (Time is in decaauts)
 A = Elapsed time spent in this place.
 B = Non-inter-level travel time spent in this place.
 C = Inter-level travel time spent in this place.
 D = Time resting spent in this place.
 E = Time spent auto-exploring this place.
 F = Levels seen in this place.
 G = Mean time per level.
                   A        B        C        D        E       F      G
               +--------+--------+--------+--------+--------+-----+--------+
         Total |   1936 |   1901 |     35 |      4 |   1607 |   2 |  968.0 |
       Dungeon |   1936 |   1901 |     35 |      4 |   1607 |   2 |  968.0 |
               +--------+--------+--------+--------+--------+-----+--------+

Top non-repeatable levels by time:
     D:1: 1229 daAuts
     D:2: 706 daAuts
